 Dungeon Crawl Stone Soup version 0.30-a0-782-ge64f9170bb (webtiles) character file.

Game seed: 10704149542659738802

1619113 UltrafastDeath the Acrobat (level 25, 224/224 HPs)
             Began as a Demigod Venom Mage on Mar 16, 2023.
             Escaped with the Orb
             ... and 3 runes!
             The game lasted 02:51:29 (74355 turns).

UltrafastDeath the Acrobat (Demigod Venom Mage)    Turns: 74355, Time: 02:51:30

Health: 224/224    AC: 10    Str: 13    XL:     25   Next: 24%
Magic:  47/47      EV: 36    Int: 38    God:
Gold:   3062       SH:  0    Dex: 30    Spells: 5/52 levels left

rFire   + + +      SeeInvis +    o - +11 plutonium sword {Contam Stlth-}
rCold   + + +      Faith    .    (shield currently unavailable)
rNeg    + . .      Spirit   .    j - +2 robe {Archmagi}
rPois   +          Reflect  .    w - -2 hat of the Alchemist {rElec rPois rF+ rC+ rN+ Will+ rMut rCorr}
rElec   +          Harm     .    v - +2 cloak of Sussix {Will+ Dex+3}
rCorr   +          Rampage  .    W - +1 pair of gloves "Luenypsi" {Int+6}
rMut    +          Archmagi +    F - +2 pair of boots
Will    +++..                    a - amulet of magic regeneration
Stlth   ++                       N - ring "Heitet" {+Blink rElec rC++ Will- SInv}
HPRegen 0.57/turn                d - ring "Edeics" {Contam Fly rF+++ rC+ Stlth+}
MPRegen 0.70/turn

@: flying, studying Poison Magic
A: high MP 1, forlorn, divine attributes, clumsy 1, screaming 2, strong 1
0: Orb of Zot
}: 3/15 runes: decaying, serpentine, silver
a: Evoke Blink


You escaped.
You visited 9 branches of the dungeon, and saw 47 of its levels.
You also visited: Trove, Gauntlet, Ice Cave and Desolation.

You collected 9002 gold pieces.
You spent 5940 gold pieces at shops.

Inventory:

Hand Weapons
 o - the +11 plutonium sword (weapon) {Contam Stlth-}
   (You bought it in a shop on level 1 of the Snake Pit)

   Contam:    It causes magical contamination when unequipped.
   Stlth:     It makes you less stealthy.
Missiles
 f - 4 curare-tipped darts
 g - 5 throwing nets
 C - 64 poisoned darts
Armour
 c - a +2 helmet of see invisible
 j - a +2 robe of the Archmagi (worn)
 v - the +2 cloak of Sussix (worn) {Will+ Dex+3}
   (You bought it in a shop on level 2 of the Orcish Mines)

   Dex:       It affects your dexterity (+3).
   Will:      It increases your willpower.
 w - the -2 hat of the Alchemist (worn) {rElec rPois rF+ rC+ rN+ Will+ rMut rCorr}
   (You found it in a Gauntlet)

   rF:        It protects you from fire.
   rC:        It protects you from cold.
   rElec:     It insulates you from electricity.
   rPois:     It protects you from poison.
   rN:        It protects you from negative energy.
   rCorr:     It protects you from acid and corrosion.
   rMut:      It protects you from mutation.
   Will:      It increases your willpower.
 F - a +2 pair of boots (worn)
 W - the +1 pair of gloves "Luenypsi" (worn) {Int+6}
   (You took it off Nikola on level 4 of the Snake Pit)

   Int:       It affects your intelligence (+6).
Jewellery
 a - an amulet of magic regeneration (around neck)
 d - the ring "Edeics" (right hand) {Contam Fly rF+++ rC+ Stlth+}
   (You bought it in a shop on level 5 of the Dungeon)

   [ring of protection from cold]

   rF:        It renders you almost immune to fire.
   rC:        It protects you from cold.
   Fly:       It grants you flight.
   Contam:    It causes magical contamination when unequipped.
   Stlth:     It makes you more stealthy.
 q - the ring of Eplennor {rPois Will++ MP+9}
   (You found it in the Desolation of Salt)

   [ring of magical power]

   rPois:     It protects you from poison.
   MP:        It affects your magic capacity (+9).
   Will:      It greatly increases your willpower.
 D - an amulet of reflection
 N - the ring "Heitet" (left hand) {+Blink rElec rC++ Will- SInv}
   (You took it off a deep elf sorcerer on level 3 of the Elven Halls)

   [ring of see invisible]

   rC:        It greatly protects you from cold.
   rElec:     It insulates you from electricity.
   SInv:      It lets you see invisible.
   +Blink:    It lets you blink.
   Will:      It decreases your willpower.
Wands
 n - a wand of roots (43)
 u - a wand of charming (64)
 x - a wand of flame (94)
 E - a wand of digging (9)
 L - a wand of polymorph (1)
 O - a wand of mindburst (12)
 Z - a wand of quicksilver (22) (quivered)
Scrolls
 b - 20 scrolls of teleportation
 k - 6 scrolls of fog
 m - a scroll of magic mapping
 r - 4 scrolls of fear
 s - 17 scrolls of immolation
 t - 7 scrolls of vulnerability
 y - 3 scrolls of silence
 P - 7 scrolls of blinking
 R - a scroll of acquirement
 S - 5 scrolls of poison
 T - 2 scrolls of enchant armour
Potions
 e - 8 potions of lignification
 h - a potion of cancellation
 i - 36 potions of curing
 l - 10 potions of might
 p - 8 potions of mutation
 A - 15 potions of flight
 B - 5 potions of ambrosia
 G - 7 potions of invisibility
 I - 7 potions of resistance
 K - 3 potions of haste
 M - 8 potions of brilliance
 Q - 5 potions of attraction
 X - a potion of magic
 Y - 9 potions of heal wounds
Miscellaneous
 z - a tin of tremorstones (2/2)
 H - a phantom mirror
 J - a condenser vane
 U - a phial of floods
 V - a box of beasts


   Skills:
 - Level 18.0 Fighting
 - Level 4.0(11.0) Short Blades
 - Level 15.7(16.0) Long Blades
 - Level 2.0 Armour
 - Level 21.0 Dodging
 - Level 10.0 Stealth
 + Level 14.4 Spellcasting
 - Level 10.1 Conjurations
 * Level 17.9 Hexes
 - Level 12.0 Translocations
 - Level 9.0 Transmutations
 - Level 9.0 Air Magic
 - Level 12.0 Earth Magic
 - Level 7.0 Poison Magic
 - Level 12.0 Evocations


You had 5 spell levels left.
You knew the following spells:

 Your Spells              Type           Power      Damage    Failure   Level
a - Ignite Poison         Fire/Tmut/Pois 80%        N/A       1%          3
b - Poisonous Vapours     Pois/Air       100%       N/A       1%          2
c - Iron Shot             Conj/Erth      52%        9d10      1%          6
d - Manifold Assault      Tloc           100%       N/A       1%          4
e - Irradiate             Conj/Tmut      50%        3d28      1%          5
f - Statue Form           Tmut/Erth      68%        N/A       2%          6
g - Arcjolt               Conj/Air       50%        1d60      1%          5
h - Lesser Beckoning      Tloc           100%       N/A       0%          2
i - Dispersal             Tloc           54%        N/A       1%          6
j - Discord               Hex            64%        N/A       5%          8

Your spell library contained the following spells:

 Spells                   Type           Power      Damage    Failure   Level
 Apportation              Tloc           100%       N/A       0%          1
 Sandblast                Erth           100%       2d20      0%          1
 Slow                     Hex            100%       N/A       0%          1
 Blink                    Tloc           100%       N/A       0%          2
 Confusing Touch          Hex            100%       N/A       0%          3
 Portal Projectile        Hex/Tloc       100%       N/A       0%          3
 Cause Fear               Hex            64%        N/A       0%          4
 Beastly Appendage        Tmut           100%       N/A       1%          1
 Freeze                   Ice            100%       1d10      1%          1
 Kiss of Death            Conj/Necr      100%       2d13      1%          1
 Magic Dart               Conj           100%       1d8       1%          1
 Necrotise                Necr           100%       1d9       1%          1
 Sting                    Tmut/Pois      100%       1d8       1%          1
 Summon Small Mammal      Summ           100%       N/A       1%          1
 Call Imp                 Summ           41%        N/A       1%          2
 Cigotuvi's Dreadful Rot  Necr/Pois/Air  100%       N/A       1%          2
 Ensorcelled Hibernation  Hex/Ice        100%       N/A       1%          2
 Passwall                 Tmut/Erth      85%        N/A       1%          2
 Static Discharge         Conj/Air       100%       2-7/arc   1%          2
 Wereblood                Tmut           97%        N/A       1%          2
 Gell's Gravitas          Tloc           100%       N/A       1%          3
 Hailstorm                Conj/Ice       78%        3d16      1%          3
 Inner Flame              Hex/Fire       97%        N/A       1%          3
 Mephitic Cloud           Conj/Pois/Air  96%        N/A       1%          3
 Spider Form              Tmut/Pois      93%        N/A       1%          3
 Summon Guardian Golem    Hex/Summ       97%        N/A       1%          3
 Swiftness                Air            97%        N/A       1%          3
 Teleport Other           Tloc           100%       N/A       1%          3
 Vhi's Electric Charge    Tloc/Air       100%       N/A       1%          3
 Anguish                  Hex/Necr       48%        N/A       1%          4
 Flame Wave               Conj/Fire      78%        2d17      1%          4
 Fulminant Prism          Conj/Hex       58%        3d24      1%          4
 Leda's Liquefaction      Hex/Erth       59%        N/A       1%          4
 Olgreb's Toxic Radiance  Pois           88%        N/A       1%          4
 Passage of Golubria      Tloc           100%       N/A       1%          4
 Petrify                  Tmut/Erth      100%       N/A       1%          4
 Sticky Flame             Conj/Fire      78%        2d9       1%          4
 Alistair's Intoxication  Tmut/Pois      62%        N/A       1%          5
 Blade Hands              Tmut           48%        N/A       1%          5
 Iskenderun's Battlesphe  Conj           100%       2d15      1%          5
 Lightning Bolt           Conj/Air       50%        1d71      1%          5
 Metabolic Englaciation   Hex/Ice        48%        N/A       1%          5
 Silence                  Hex/Air        57%        N/A       1%          5
 Summon Mana Viper        Hex/Summ       97%        N/A       1%          5
 Call Canine Familiar     Summ           41%        N/A       3%          3
 Ozocubu's Armour         Ice            41%        N/A       3%          3
 Vampiric Draining        Necr           41%        2d8       3%          3
 Borgnjor's Vile Clutch   Necr/Erth      41%        N/A       3%          5
 Dispel Undead            Necr           41%        3d16      13%         4
 Enfeeble                 Hex            64%        N/A       1%          7
 Eringya's Noxious Bog    Tmut/Pois      46%        N/A       8%          6
 Orb of Destruction       Conj           51%        9d13      17%         7
 Dragon Form              Tmut           48%        N/A       26%         7
 Storm Form               Tmut/Air       48%        N/A       26%         7
 Disjunction              Tloc           54%        N/A       52%         8
 Lehudib's Crystal Spear  Conj/Erth      52%        10d12     65%         8
 Malign Gateway           Summ/Tloc      41%        N/A       67%         7
 Spellforged Servitor     Conj/Summ      39%        N/A       80%         7
 Simulacrum               Ice/Necr       20%        N/A       89%         6
 Summon Cactus Giant      Summ           20%        N/A       89%         6
 Ozocubu's Refrigeration  Ice            20%        4d12      100%        7
 Ignition                 Fire           20%        3d7       100%        8
 Summon Horrible Things   Summ           20%        N/A       100%        8
 Dragon's Call            Summ           20%        N/A       100%        9


Dungeon Overview and Level Annotations

Branches:
Dungeon (15/15)            Temple (0/1) D:4            Lair (5/5) D:10
  Swamp (4/4) Lair:2        Snake (4/4) Lair:3        Slime (0/5) Lair:4
    Orc (2/2) D:9             Elf (3/3) Orc:2        Vaults (5/5) D:14
  Crypt (0/3) Vaults:2     Depths (4/4) D:15            Zot (5/5) Depths:4
  IceCv (visited)         Desolation (visited)      Gauntlet (visited)

Shops:
D:4 !   D:5 =[   D:7 *   D:15 [   Orc:1 *:=:   Orc:2 (?([!   Snake:1 ((*(
Snake:2 (   Snake:4 [

Portals:
Hell: Depths:1 Depths:2 Depths:3 Depths:4
Abyss: Depths:2 Depths:3
Pandemonium: Depths:2
Ziggurat: Depths:1

Annotations:
D:5 2 runed translucent doors, emiel's ghost, amateur DsEE
Lair:5 2 transporters, hackum's ghost, veteran SpHu
Swamp:3 exclusions: eleionoma and 1 more exclusion, Mara
Elf:2 3 runed translucent doors
Zot:2 8 runed translucent doors, 2 transporters, exclusion: 3 upstairs
Zot:3 exclusion: 2 downstairs


Innate Abilities, Weirdness & Mutations

You have an increased reservoir of magic. (+10% MP)
You shall have no god before yourself.
Your divine heritage dramatically boosts your attributes as you level up.
You are clumsy. (Dex -2)
You frequently scream uncontrollably at your foes.
Your muscles are strong. (Str +4, Int/Dex -1)


Message History

(P) Snake Pit (M) Slime Pits (O) Orcish Mines (E) Elven Halls (V) Vaults (C) Crypt (U) Depths (H) Hell (Z) Zot
Where to? (Enter - D:1, ? - help)
Okay, then.
Unknown command.
Unknown command.
(D) Dungeon (T) Temple (L) Lair (S) Swamp (P) Snake Pit (M) Slime Pits (O) Orcish Mines (E) Elven Halls (V) Vaults (C) Crypt (U) Depths (H) Hell (Z) Zot
Where to? (Enter - D:1, ? - help)
What level of the Dungeon? (default 1, ? - help) HP restored.
There is a stone staircase leading up here.
You fly upwards.
Magic restored.
There is a stone staircase leading down here.
You see here a +0 club.
A rust devil comes into view.
There is a stone staircase leading up here.
You fly upwards.
There is a stone staircase leading down here.
(D) Dungeon (T) Temple (L) Lair (S) Swamp (P) Snake Pit (M) Slime Pits (O) Orcish Mines (E) Elven Halls (V) Vaults (C) Crypt (U) Depths (H) Hell (Z) Zot
Where to? (Enter - D:1, ? - help)
What level of the Dungeon? (default 1, ? - help) You're already here!
Unknown command.
(D) Dungeon (T) Temple (L) Lair (S) Swamp (P) Snake Pit (M) Slime Pits (O) Orcish Mines (E) Elven Halls (V) Vaults (C) Crypt (U) Depths (H) Hell (Z) Zot
Where to? (Enter - D:1, ? - help)
What level of the Dungeon? (default 1, ? - help)
There is an open door here.
There is a staircase leading out of the dungeon here.
Unknown command.
You have escaped!

####.#.##.......#......##.#..#.#
.†...#..........#......##.##...##
#.#######......###........####...
#.#............# #.............##
#.#...........## ##............#
#.###########'#####'##########.#
#....### ##.....## ###...#
##.....### ##.....## ###.....##
#.......####...@...####........#
#.........##.......##........#.#
#.........###.....###.....#..#..
####......# ###'### #.....##..#.
#.....## ##.## ##....###...
#.....# ###...### #....# #.##
#....####.......####...# #.#
#....##...........##...###.#
#...#....#####......#..#...#


There were no monsters in sight!

Vanquished Creatures
  6 dread liches
  An ancient lich (Zot:4)
  6 orbs of fire
  Vashnia (Snake:3)
  16 Killer Klowns
  2 curse toes
  Nikola (Snake:4)
  11 golden dragons
  A pearl dragon (Depths:1)
  2 Tzitzimimeh
  A bone dragon (Depths:4)
  2 electric golems (Zot:5)
  A Brimstone Fiend (D:15)
  14 tentacled monstrosities
  2 liches
  Jorgrun (Snake:1)
  Asterion (Vaults:3)
  27 Orb Guardians
  5 deep elf master archers
  A walking frostbound tome (Depths:4)
  4 titans
  A deep elf blademaster (Elf:3)
  9 quicksilver dragons
  An Executioner (D:15)
  13 death cobs
  9 sphinxes
  14 shadow dragons
  Agnes (Snake:1)
  2 tengu reavers
  A thorn hunter (Swamp:2)
  Donald (Vaults:3)
  4 draconian monks
  10 nagarajas
  13 storm dragons
  6 fire giants
  12 frost giants
  15 vault wardens
  7 draconian knights
  4 draconian scorchers
  12 deep elf sorcerers
  4 draconian shifters
  A balrug (Depths:2)
  5 ghost moths
  17 ironbound preservers
  A ghoul (Swamp:3)
  An angel (Depths:1)
  5 deep elf elementalists
  7 draconian annihilators
  3 orc warlords
  A reaper (IceCv)
  A cacodemon (Zot:5)
  An ophan (Depths:1)
  2 draconian stormcallers
  6 deep elf demonologists
  A spriggan defender (Depths:4)
  10 stone giants
  5 war gargoyles
  10 ironbound thunderhulks
  8 very ugly things
  The ghost of Tohisesh the Thaumaturge, a journeyman OpEE of Gozag (Lair:3)
  7 green draconians
  3 demonspawn black suns
  A vampire knight (Depths:1)
  2 lorocyprocas
  11 bunyips
  13 yellow draconians
  4 eleionomae
  An apis (Depths:1)
  12 dire elephants
  A minotaur (Gauntlet)
  8 deep elf annihilators
  14 white draconians
  9 black draconians
  3 halazid warlocks (Desolation)
  4 spark wasps
  4 red draconians
  16 purple draconians
  10 ettins
  10 deep elf death magi
  A crystal guardian (Desolation)
  10 deep elf high priests
  Josephine (Snake:1)
  2 shambling mangroves
  37 vault guards
  The ghost of Qifihung the Marksoctopus, a journeyman OpHu of Gozag (Lair:2)
  11 fire dragons
  An entropy weaver (Vaults:1)
  5 great orbs of eyes
  11 servants of whispers (Desolation)
  11 ragged hierophants (Desolation)
  15 hydras
  11 yaktaur captains
  4 ice dragons
  2 hell beasts
  7 rakshasas
  5 spriggan air magi
  3 ogre magi
  15 peacekeepers
  8 ironbound frosthearts
  9 boulder beetles
  4 ghost crabs
  10 anacondas
  5 salamander tyrants (Snake:4)
  A catoblepas (D:15)
  2 spriggan skeletons
  14 centaur warriors
  9 two-headed ogres
  8 alligators
  A death knight (D:14)
  13 death yaks
  3 orc high priests
  15 dancing weapons
  A death scarab (Gauntlet)
  7 deep troll shamans
  A vampire mage (D:15)
  20 naga warriors
  7 deep troll earth magi
  9 tengu warriors
  9 shock serpents
  A shock serpent (shapeshifter) (Vaults:5)
  4 spriggan berserkers
  14 hell knights
  A sun demon (Depths:2)
  20 naga sharpshooters
  15 deep elf knights
  A salamander mystic (Snake:4)
  2 fire crabs (Swamp:4)
  An iron troll (Depths:1)
  2 sixfirhies
  2 skeletal warriors (D:15)
  4 goliath frogs
  A shadow demon (D:5)
  A death drake (Zot:3)
  2 sea snakes (Snake:1)
  6 spriggan druids
  11 swamp dragons
  64 deep trolls
  2 skysharks
  A flayed ghost (Depths:4)
  4 glowing orange brains
  A spectral hydra (Lair:2)
  16 deep elf archers
  6 naga ritualists
  2 orb spiders (shapeshifter)
  An obsidian statue (Vaults:4)
  10 bog bodies
  5 lindwurms
  23 deep elf zephyrmancers
  8 wizards
  A shadow dragon zombie (Depths:1)
  Pikel (D:9)
  17 orc knights
  18 mana vipers
  12 necromancers
  8 phantasmal warriors
  43 deep elf pyromancers
  19 ironbound convokers
  A fire giant zombie (D:15)
  3 manticores
  38 ugly things
  13 salamanders
  A frost giant zombie (Depths:1)
  A shadow dragon skeleton (Depths:1)
  A spectral skyshark (Lair:2)
  3 orc sorcerers
  9 cyclopes
  A shining eye (Desolation)
  A wolf spider (D:15)
  3 will-o-the-wisps (Swamp:4)
  A faun (Depths:4)
  24 elephants
  A stone giant zombie (Vaults:1)
  A water nymph (shapeshifter) (Vaults:5)
  2 guardian serpents (shapeshifter)
  13 naga magi
  17 guardian serpents
  29 black mambas
  33 moths of wrath
  9 vault sentinels
  An ice statue (IceCv)
  A smoke demon (Depths:2)
  A torpor snail (Lair:5)
  2 gargoyles (D:13)
  24 yaktaurs
  2 orange demons (Zot:5)
  4 unseen horrors
  9 rime drakes
  8 komodo dragons
  2 kobold demonologists (D:12)
  9 cane toads
  A spriggan zombie (D:15)
  3 tengu conjurers
  3 efreet
  3 freezing wraiths
  5 guardian mummies (Zot:2)
  A polar bear (shapeshifter) (Depths:4)
  8 trolls
  A tyrant leech (shapeshifter) (Depths:4)
  3 polar bears
  4 bloated husks
  7 meliai
  A hellwing (Zot:5)
  21 hornets
  7 tyrant leeches
  84 saltlings
  2 wolf spider simulacra
  2 dream sheep (Lair:5)
  A spectral elephant (Lair:2)
  A jumping spider (Vaults:1)
  4 centaur simulacra
  15 slime creatures
  2 shadows (D:12)
  32 spriggans
  2 air elementals
  3 wyverns
  A vampire (D:11)
  9 water elementals
  6 wraiths
  4 basilisks
  44 yaks
  A wyvern (shapeshifter) (Vaults:5)
  2 fire elementals
  2 spectral komodo dragons
  3 death yak simulacra (IceCv)
  A basilisk (shapeshifter) (Vaults:5)
  6 steam dragons (Swamp:4)
  A neqoxec (Depths:4)
  A redback (shapeshifter) (Depths:2)
  15 vampire mosquitoes
  A human (D:14)
  2 harpy simulacra
  4 wargs
  39 nagas
  15 swamp worms
  2 tengu zombies
  3 acid dragons
  2 hydra simulacra (IceCv)
  18 water moccasins
  2 floating eyes
  2 glowing shapeshifter skeletons (Vaults:1)
  3 meliai simulacra (D:12)
  23 orc warriors
  A sky beast (D:6)
  9 swamp drakes
  6 black bears
  4 ice beasts
  3 ogres
  9 centaurs
  A tengu (shapeshifter) (D:12)
  19 wolves
  8 boggarts
  2 phantoms
  3 lemures (D:9)
  A spectral basilisk (Lair:2)
  7 necrophages
  15 bullfrogs
  4 kobold brigands
  An earth elemental (Elf:1)
  6 two-headed ogre simulacra (IceCv)
  5 gnoll sergeants
  3 scorpions
  4 wights
  An orc simulacrum (Vaults:1)
  3 elephant simulacra (IceCv)
  22 killer bees
  7 howler monkeys
  3 electric eels (Lair:1)
  5 jellies
  14 orc priests
  A gnoll bouda (D:7)
  A hound (D:4)
  13 iguanas
  25 orc wizards
  3 polar bear simulacra (IceCv)
  8 spriggan simulacra (IceCv)
  2 troll simulacra (IceCv)
  2 wolf simulacra (IceCv)
  A boggart simulacrum (D:12)
  8 adders
  23 gnolls
  2 naga simulacra (IceCv)
  A shadow imp (D:6)
  11 white imps
  6 ufetubi
  3 worms
  3 dart slugs
  61 orcs
  8 ball pythons
  3 endoplasms
  3 giant cockroaches
  6 goblins
  8 hobgoblins
  6 jackals (D:1)
  32 kobolds
  A quokka (D:3)
  6 bats
  25 frilled lizards
  11 rats
  3 butterflies (Zot:2)
  A fire vortex (Swamp:4)
2272 creatures vanquished.

Vanquished Creatures (collateral kills)
  A vampire mosquito (D:10)
1 creature vanquished.

Vanquished Creatures (others)
  A storm dragon (Zot:5)
  A red draconian (Zot:1)
  A deep elf knight (Elf:3)
  A bog body (Swamp:1)
  A deep elf archer (Elf:3)
  2 deep elf zephyrmancers
  2 bloated husks
  An air elemental (Elf:3)
  3 vampire mosquitoes (Swamp:2)
  A swamp worm (Swamp:1)
  A swamp drake (Swamp:4)
  4 foxfires (Swamp:4)
  31 fungi
  3 pillars of salt (Orc:2)
  25 plants
  17 withered plants
95 creatures vanquished.

Grand Total: 2368 creatures vanquished

Notes
Turn   | Place    | Note
-------+----------+-------------------------------------------
     0 | D:1      | UltrafastDeath the Demigod Venom Mage began the quest for
                  | the Orb.
     0 | D:1      | Reached XP level 1. HP: 14/14 MP: 5/5
   214 | D:1      | Reached XP level 2. HP: 14/20 MP: 7/7
   411 | D:1      | Learned a level 2 spell: Poisonous Vapours
  1340 | D:2      | Reached XP level 3. HP: 26/26 MP: 8/8
  2214 | D:2      | Reached XP level 4. HP: 23/33 MP: 9/10
  2326 | D:2      | Learned a level 3 spell: Mephitic Cloud
  2476 | D:3      | Noticed a golden eye
  2483 | D:3      | Noticed a shining eye
  2509 | D:3      | Noticed a floating eye
  2512 | D:3      | Noticed a floating eye
  3533 | D:4      | Reached XP level 5. HP: 37/38 MP: 6/12
  4003 | D:4      | Found a staircase to the Ecumenical Temple.
  4151 | D:4      | Reached skill level 5 in Poison Magic
  4396 | D:4      | Reached XP level 6. HP: 37/45 MP: 10/13
  4494 | D:4      | Found Ewkyussu's Distillery.
  4946 | D:5      | Entered Level 5 of the Dungeon
  4946 | D:5      | Found Iharosh's Jewellery Emporium.
  4964 | D:5      | Learned a level 4 spell: Olgreb's Toxic Radiance
  5098 | D:5      | Reached skill level 1 in Armour
  5098 | D:5      | Reached skill level 2 in Dodging
  5316 | D:5      | Reached skill level 1 in Short Blades
  5316 | D:5      | Reached XP level 7. HP: 50/51 MP: 10/14
  5360 | D:5      | Reached skill level 1 in Fighting
  5377 | D:5      | Found Wupsegru's Antique Armour Boutique.
  5448 | D:5      | Found a large runed translucent door.
  5448 | D:5      | Found a large runed translucent door.
  5448 | D:5      | Noticed emiel's ghost (amateur DsEE)
  6049 | D:6      | Reached skill level 1 in Transmutations
  6440 | D:6      | Reached skill level 1 in Air Magic
  6728 | D:6      | Reached skill level 1 in Conjurations
  6728 | D:6      | Reached XP level 8. HP: 56/61 MP: 8/16
  7050 | D:6      | Learned a level 4 spell: Petrify
  7424 | D:7      | Found Hiphur's Assorted Antiques.
  7751 | D:7      | Noticed a hornet
  7757 | D:7      | Killed a hornet
  7910 | D:7      | Noticed a hornet
  7915 | D:7      | Killed a hornet
  7916 | D:7      | Reached skill level 5 in Spellcasting
  7916 | D:7      | Reached skill level 1 in Earth Magic
  7916 | D:7      | Reached XP level 9. HP: 58/71 MP: 10/20
  9070 | D:8      | Reached skill level 5 in Transmutations
  9427 | D:8      | Reached skill level 5 in Earth Magic
 10445 | D:9      | Noticed Pikel
 10455 | D:9      | Killed Pikel
 10456 | D:9      | Reached XP level 10. HP: 78/78 MP: 10/21
 10490 | D:9      | Found a staircase to the Orcish Mines.
 11329 | D:10     | Entered Level 10 of the Dungeon
 11597 | D:10     | Noticed a two-headed ogre
 11623 | D:10     | Killed a two-headed ogre
 12264 | D:10     | Noticed a death yak
 12264 | D:10     | Noticed a death yak
 12277 | D:10     | Killed a death yak
 12280 | D:10     | Noticed a death yak
 12324 | D:10     | Found a staircase to the Lair.
 12324 | D:10     | Noticed a death yak
 12324 | D:10     | Noticed a death yak
 12385 | D:10     | Reached XP level 11. HP: 31/84 MP: 22/22
 12418 | D:9      | Learned a level 6 spell: Statue Form
 12465 | Orc:1    | Entered Level 1 of the Orcish Mines
 12586 | Orc:1    | Found Nesmupre's Assorted Antiques.
 12642 | Orc:1    | Bought a scroll of identify for 48 gold pieces
 12754 | Orc:1    | Noticed an orc high priest
 12780 | Orc:1    | Killed an orc high priest
 12938 | Orc:1    | Found Suste's Book Emporium.
 12940 | Orc:1    | Found Nyot's Jewellery Shop.
 12957 | Orc:1    | Bought an Everburning Encyclopedia for 576 gold pieces
 12957 | Orc:1    | Noticed a two-headed ogre
 12971 | Orc:1    | Killed a two-headed ogre
 13100 | Orc:1    | Found Hosut Oma's Book Shop.
 13108 | Orc:1    | Bought the Directory of the Lungs and Tephra for 450 gold
                  | pieces
 13467 | Orc:2    | Entered Level 2 of the Orcish Mines
 13488 | Orc:2    | Noticed a sun demon
 13916 | Orc:2    | Found Suihef's Distillery.
 13966 | Orc:2    | Noticed an orc knight
 13971 | Orc:2    | Found a staircase to the Elven Halls.
 13974 | Orc:2    | Killed an orc knight
 14011 | Orc:2    | Learned a level 3 spell: Ignite Poison
 14405 | Orc:2    | Noticed an orc knight
 14410 | Orc:2    | Killed an orc knight
 14413 | Orc:2    | Noticed a two-headed ogre
 14431 | Orc:2    | Killed a two-headed ogre
 14484 | Orc:2    | Noticed an orc knight
 14489 | Orc:2    | Killed an orc knight
 14535 | Orc:2    | Noticed an orc knight
 14535 | Orc:2    | Noticed an orc knight
 14537 | Orc:2    | Noticed an orc high priest
 14538 | Orc:2    | Found Muatt's Antique Weapon Boutique.
 14540 | Orc:2    | Killed an orc knight
 14542 | Orc:2    | Killed an orc knight
 14542 | Orc:2    | Killed an orc high priest
 14721 | Orc:2    | Found Ohag Qeo's Magic Scroll Boutique.
 14730 | Orc:2    | Bought a scroll of amnesia for 44 gold pieces
 14738 | Orc:2    | Learned a level 6 spell: Iron Shot
 14753 | Orc:2    | Found Qexipt's Weapon Shop.
 14753 | Orc:2    | Noticed an orc warlord
 14767 | Orc:2    | Killed an orc warlord
 14768 | Orc:2    | Reached XP level 12. HP: 46/91 MP: 17/29
 14993 | Orc:2    | Noticed an ettin
 15001 | Orc:2    | Killed an ettin
 15072 | Orc:2    | Found Tighyu's Antique Armour Shoppe.
 15077 | Orc:2    | Bought an ichor-stained cloak for 323 gold pieces
 15077 | Orc:2    | Identified the +2 cloak of Sussix {Will+ Dex+3} (You bought
                  | it in a shop on level 2 of the Orcish Mines)
 15662 | D:10     | Reached skill level 5 in Conjurations
 15662 | D:10     | Reached skill level 5 in Air Magic
 15826 | Lair:1   | Entered Level 1 of the Lair of Beasts
 16372 | Lair:1   | You fall into a shaft and drop 1 floor!
 16444 | Lair:2   | Found a transporter.
 16448 | Lair:2   | Noticed Qifihung's ghost (journeyman OpHu)
 16650 | Lair:2   | Found a transporter.
 17025 | Lair:2   | Reached XP level 13. HP: 96/96 MP: 30/30
 17764 | Lair:1   | Identified a scroll of acquirement
 18431 | Lair:3   | Found a runed translucent door.
 18432 | Lair:3   | Noticed Tohisesh's ghost (journeyman OpEE)
 18461 | Lair:3   | Found a staircase to the Snake Pit.
 18938 | Lair:3   | Learned a level 5 spell: Arcjolt
 19106 | Lair:3   | Killed Tohisesh's ghost
 19107 | Lair:3   | Reached skill level 1 in Long Blades
 19260 | Lair:4   | Reached skill level 5 in Fighting
 19952 | Lair:4   | Reached skill level 5 in Long Blades
 19989 | Lair:4   | Found a staircase to the Slime Pits.
 20578 | Lair:5   | Entered Level 5 of the Lair of Beasts
 21020 | Lair:5   | Reached XP level 14. HP: 73/108 MP: 31/31
 21521 | Lair:5   | Found a transporter.
 21524 | Lair:5   | Noticed hackum's ghost (veteran SpHu)
 21541 | Lair:5   | Learned a level 5 spell: Irradiate
 21700 | Lair:5   | Found a transporter.
 22025 | Lair:2   | Killed Qifihung's ghost
 22287 | D:11     | Reached skill level 10 in Conjurations
 22287 | D:11     | Reached skill level 10 in Earth Magic
 23182 | Orc:1    | Bought an Inescapable Atlas for 480 gold pieces
 23182 | Orc:1    | Acquired 860 gold pieces
 23547 | D:12     | Found a frozen archway.
 23569 | IceCv    | Entered an ice cave
 24287 | IceCv    | Noticed a reaper
 24293 | IceCv    | Killed a reaper
 24306 | IceCv    | Got the Thoughts on the Tundra
 24394 | D:12     | Noticed a frost giant
 25152 | D:12     | Reached XP level 15. HP: 121/121 MP: 21/32
 25224 | D:12     | Identified the +2 chain mail "Paugiaviz" {rF+++ Regen+
                  | Str-3 Int+6}
 25677 | D:13     | Found Zin's Purification Station.
 25685 | D:13     | Bought a potion of curing for 90 gold pieces
 26253 | D:13     | Reached skill level 10 in Long Blades
 26823 | D:14     | Identified the +1 chain mail "Guextuik" {Will+ MP+9 Int-4
                  | Dex+4}
 27196 | D:14     | Found a gate to the Vaults.
 27925 | D:15     | Entered Level 15 of the Dungeon
 28008 | D:15     | Found a gate leading to a gauntlet.
 28032 | Gauntlet | Entered a Gauntlet
 28032 | Gauntlet | Found a transporter.
 28032 | Gauntlet | Found a transporter.
 28129 | Gauntlet | Found a transporter.
 28131 | Gauntlet | Found a transporter.
 28141 | Gauntlet | Found a transporter.
 28141 | Gauntlet | Found the -2 hat of the Alchemist {rElec rPois rF+ rC+ rN+
                  | Will+ rMut rCorr}
 28145 | Gauntlet | Found a transporter.
 28160 | Gauntlet | Found a transporter.
 28176 | Gauntlet | Found a transporter.
 28182 | Gauntlet | Found a transporter.
 28200 | Gauntlet | Found a transporter.
 28200 | Gauntlet | Found a transporter.
 28243 | Gauntlet | Found a transporter.
 28693 | D:15     | Found Cechomm's Armour Shoppe.
 29000 | D:15     | Found a portal to a secret trove of treasure.
 29951 | D:15     | Found a staircase to the Depths.
 30157 | D:5      | Bought the ring "Edeics" {Contam Fly rF+++ rC+ Stlth+} for
                  | 729 gold pieces
 30230 | D:6      | Learned a level 4 spell: Manifold Assault
 30725 | Snake:1  | Entered Level 1 of the Snake Pit
 30737 | Snake:1  | Noticed Josephine
 30742 | Lair:3   | Reached skill level 1 in Translocations
 30828 | Snake:1  | Killed Josephine
 30834 | Snake:1  | Reached XP level 16. HP: 106/133 MP: 13/33
 30989 | Snake:1  | Found Wint's Antique Weapon Emporium.
 30991 | Snake:1  | Found Icealaim's Assorted Antiques.
 30997 | Snake:1  | Found Xoducw's Antique Weapon Emporium.
 31144 | Snake:1  | Noticed Jorgrun
 31157 | Snake:1  | Killed Jorgrun
 31455 | Snake:1  | Noticed Agnes
 31977 | Snake:1  | Found Usoxytenk's Antique Weapon Boutique.
 31991 | Snake:1  | Reached skill level 10 in Fighting
 32057 | Snake:1  | Killed Agnes
 32992 | Snake:2  | Reached skill level 5 in Translocations
 33070 | Snake:2  | Found Xileesu's Weapon Shop.
 34245 | Snake:3  | Noticed Vashnia
 34513 | Snake:3  | Killed Vashnia
 35138 | Snake:4  | Entered Level 4 of the Snake Pit
 35286 | Snake:4  | Found Mehoamun's Armour Shoppe.
 35287 | Snake:4  | Identified the +1 pair of gloves "Luenypsi" {Int+6}
 35287 | Snake:4  | Noticed Nikola
 35295 | Snake:4  | Killed Nikola
 35731 | Snake:4  | Reached XP level 17. HP: 143/143 MP: 24/35
 36070 | Snake:4  | HP: 9/187 [naga sharpshooter/arrow (1)]
 38193 | Snake:4  | Reached skill level 15 in Long Blades
 38399 | Snake:4  | Got a serpentine rune of Zot
 38649 | Lair:2   | Found a staircase to the Swamp.
 38660 | Swamp:1  | Entered Level 1 of the Swamp
 39727 | Swamp:2  | Reached skill level 10 in Translocations
 40403 | Swamp:3  | Noticed a tentacled monstrosity
 40509 | Swamp:3  | Killed a tentacled monstrosity
 41046 | Swamp:3  | Reached XP level 18. HP: 154/154 MP: 28/36
 41176 | Swamp:3  | Noticed Mara
 41415 | Swamp:4  | Entered Level 4 of the Swamp
 42382 | Swamp:4  | Got a decaying rune of Zot
 43001 | Elf:1    | Entered Level 1 of the Elven Halls
 43249 | Elf:1    | Learned a level 2 spell: Lesser Beckoning
 43363 | Elf:1    | Got the Spellbook of Bolts
 44537 | Elf:2    | Reached skill level 15 in Fighting
 44671 | Elf:2    | Identified the +5 shortbow of Perfectionism {drain, rElec
                  | MP+9}
 44738 | Elf:2    | Reached skill level 3 in Dodging
 44968 | Elf:2    | Found a runed translucent gate.
 44969 | Elf:2    | Found a runed translucent gate.
 44969 | Elf:2    | Found a runed translucent gate.
 45155 | Elf:3    | Entered Level 3 of the Elven Halls
 45634 | Elf:3    | Reached skill level 4 in Dodging
 45885 | Elf:3    | Reached XP level 19. HP: 154/170 MP: 11/38
 46079 | Elf:3    | Reached skill level 5 in Dodging
 46088 | Elf:3    | Reached skill level 10 in Spellcasting
 46895 | Elf:3    | Reached skill level 6 in Dodging
 47171 | Elf:3    | Identified the +7 rapier of Mastery {venom, rF+}
 47562 | Elf:3    | Reached skill level 7 in Dodging
 47605 | Elf:3    | Identified the +8 morningstar of Parghumn {freeze, *Slow
                  | Str+7}
 48040 | Elf:3    | Identified the +8 battleaxe "Qemafih" {protect, rC++ Will+}
 48040 | Elf:3    | Identified the ring "Unyli" {AC+4 Dex+7}
 48067 | Elf:3    | Identified the ring "Heitet" {+Blink rElec rC++ Will- SInv}
 48071 | Elf:3    | Identified the +5 flail "Caanum" {antimagic, rElec rF+ rN+}
 48173 | Elf:3    | Found the brooch of Shielding {Spirit SH+8}
 48191 | Elf:3    | Identified the +1 plate armour of Zealous the Leaf {+Inv
                  | MP+9 Slay+3}
 48245 | Elf:3    | Got the Notes on the Volcanic Welkin
 48251 | Elf:3    | Identified the +0 pair of gloves of Ashenzari's Envy {rC+
                  | Dex+3}
 48263 | Elf:3    | Identified the +0 dagger of Mivaytu {freeze, Str+3}
 48293 | Elf:3    | Identified the +3 dagger "Ciuwouck" {flame, rElec rC+ Dex+2
                  | SInv}
 49013 | Vaults:1 | Entered Level 1 of the Vaults
 49020 | Vaults:1 | Reached skill level 8 in Dodging
 49434 | Vaults:1 | You are sucked into a shaft and drop 1 floor!
 49624 | Vaults:1 | Reached skill level 9 in Dodging
 49830 | Vaults:1 | Identified the +3 chain mail of a treasure trove {rF+
                  | Regen+ Int+3 Dex+3}
 50549 | Vaults:1 | Reached skill level 10 in Dodging
 50731 | Vaults:2 | Gained mutation: You sometimes lose your temper in combat.
                  | [mutagenic glow]
 50753 | Vaults:2 | Reached XP level 20. HP: 107/178 MP: 13/41
 50932 | Vaults:2 | Lost mutation: You sometimes lose your temper in combat.
                  | [potion of mutation]
 50932 | Vaults:2 | Gained mutation: Your muscles are strong. (Str +4, Int/Dex
                  | -1) [potion of mutation]
 51154 | Vaults:2 | Reached skill level 11 in Dodging
 51719 | Snake:1  | Bought the +11 plutonium sword {Contam Stlth-} for 3200
                  | gold pieces
 51719 | Snake:1  | Found the +11 plutonium sword {Contam Stlth-}
 52760 | D:15     | You paid a toll of +2 fire dragon scales to enter a
                  | treasure trove
 52761 | Trove    | Entered a treasure trove
 52945 | Vaults:3 | Reached skill level 1 in Evocations
 53042 | Vaults:3 | Reached skill level 12 in Dodging
 53062 | Vaults:3 | Noticed Asterion
 53070 | Vaults:3 | Killed Asterion
 53088 | Vaults:3 | Found a crumbling gateway.
 53117 | Desolati | Entered the Desolation of Salt
 53316 | Desolati | Identified the +5 broad axe "Ciumuwka" {vamp, Int+2}
 53578 | Desolati | Got the Elucidation of the Fateful Snake
 53582 | Desolati | Identified the ring "Daih" {AC+4 Stlth+}
 53710 | Desolati | Reached skill level 5 in Evocations
 53752 | Desolati | Identified the ring of Eplennor {rPois Will++ MP+9}
 53855 | Desolati | Identified the +1 helmet of the Apprentice {rPois rC-
                  | rCorr}
 53865 | Desolati | Identified the ring of the Rose {Ice Int+5 Dex+2}
 53901 | Desolati | Identified the +5 ring mail "Edoihuj" {rC+ Stlth+}
 53936 | Desolati | Identified the +4 robe of Compression {Harm rN+ Dex+2
                  | Slay+3}
 53950 | Desolati | Identified the +9 plate armour "Duenih" {Rampage rC+
                  | Stlth-}
 54216 | Desolati | Reached skill level 13 in Dodging
 55040 | Vaults:3 | Learned a level 6 spell: Dispersal
 55048 | Vaults:3 | Reached XP level 21. HP: 189/189 MP: 2/42
 55052 | Vaults:3 | Noticed Donald
 55060 | Vaults:3 | Killed Donald
 56932 | Vaults:5 | Entered Level 5 of the Vaults
 56937 | Vaults:5 | Reached skill level 14 in Dodging
 56973 | Vaults:5 | Identified the +8 dagger of Beammyu {freeze, rF+ rN++
                  | Will+}
 57588 | Vaults:5 | an iron dragon changed into a golden dragon
 57588 | Vaults:5 | Noticed a golden dragon
 57593 | Vaults:5 | Killed a golden dragon
 57750 | Vaults:5 | Identified the +6 hand axe of Deformation {drain, MP+9
                  | SInv}
 57772 | Vaults:5 | Identified the ring of Immu {rCorr MP+9 Dex-5 SInv}
 57779 | Vaults:5 | Identified the +0 fire dragon scales "Faateu" {-Cast rF++
                  | rC- Will+ Regen+ Slay+2}
 57806 | Vaults:5 | Identified the +4 rapier of the Shore {freeze, Drain rPois
                  | Will++ Dex+8}
 57912 | Vaults:5 | Identified the +2 crystal plate armour of the Everdark
                  | {Will+ Str+2 Int+10 Dex-5}
 58103 | Vaults:5 | Reached skill level 5 in Stealth
 58143 | Vaults:5 | Reached skill level 15 in Dodging
 58155 | Vaults:5 | Got the Octavo of Conflict and Creation
 58162 | Vaults:5 | Noticed a golden dragon
 58169 | Vaults:5 | Killed a golden dragon
 58170 | Vaults:5 | Reached XP level 22. HP: 171/201 MP: 36/43
 58174 | Vaults:5 | Got a silver rune of Zot
 58235 | Vaults:5 | Identified the +7 plate armour of Watchfulness {rElec Will-
                  | Str+4}
 58343 | Vaults:5 | Noticed a dread lich
 58348 | Vaults:5 | Killed a dread lich
 58382 | Vaults:5 | Identified the +3 scimitar "Zankot" {venom, rC+ Int+2}
 58475 | Vaults:5 | Reached skill level 10 in Evocations
 59752 | Depths:1 | Entered Level 1 of the Depths
 60065 | Depths:1 | Reached skill level 16 in Dodging
 60185 | Depths:1 | Found a one-way gateway to a ziggurat.
 60214 | Depths:1 | Found a gateway to Hell.
 60795 | Depths:2 | Identified the +1 leather armour of the Maze {Harm rF+
                  | Str+3}
 60797 | Depths:2 | Found a one-way gate leading to the halls of Pandemonium.
 60993 | Depths:2 | Found a one-way gate to the infinite horrors of the Abyss.
 61397 | Depths:3 | Reached skill level 17 in Dodging
 62349 | Depths:4 | Entered Level 4 of the Depths
 62823 | Depths:4 | Reached skill level 18 in Dodging
 62830 | Depths:4 | Reached skill level 10 in Stealth
 62943 | Depths:4 | Reached XP level 23. HP: 125/208 MP: 13/44
 63464 | Depths:4 | Reached skill level 19 in Dodging
 63496 | Depths:4 | Found a gate to the Realm of Zot.
 63605 | Zot:1    | Entered Level 1 of the Realm of Zot
 64240 | Zot:1    | Reached skill level 1 in Hexes
 64517 | Zot:1    | Reached skill level 5 in Hexes
 65652 | Zot:2    | Gained mutation: You occasionally shout uncontrollably at
                  | your foes. [mutagenic glow]
 65933 | Zot:2    | Identified the +12 great sword of Ravage {holy, rF++ rC+}
 65937 | Zot:2    | Found a large runed translucent door.
 65938 | Zot:2    | Found a large runed translucent door.
 65938 | Zot:2    | Noticed a Killer Klown
 65941 | Zot:2    | Identified the +1 battleaxe "Simmeugi" {pain, rC++ rN+
                  | Str+3}
 65943 | Zot:2    | Noticed a Killer Klown
 65949 | Zot:2    | Noticed an orb of fire
 65949 | Zot:2    | Identified the +4 chain mail of Elyvilon's Whim {Rampage
                  | rN+ Regen+}
 65967 | Zot:2    | Killed an orb of fire
 66039 | Zot:2    | Identified the +1 robe of Integrity {Str+3 Archmagi}
 66040 | Zot:2    | Noticed a Killer Klown
 66045 | Zot:2    | Killed a Killer Klown
 66066 | Zot:2    | Killed a Killer Klown
 66067 | Zot:2    | Reached skill level 20 in Dodging
 66173 | Zot:2    | Killed a Killer Klown
 66235 | Zot:2    | Found a large runed translucent door.
 66237 | Zot:2    | Found a large runed translucent door.
 66242 | Zot:2    | Found a large runed translucent door.
 66243 | Zot:2    | Found a large runed translucent door.
 66250 | Zot:2    | Noticed a Killer Klown
 66253 | Zot:2    | Found a large runed translucent door.
 66253 | Zot:2    | Found a large runed translucent door.
 66256 | Zot:2    | Noticed a Killer Klown
 66267 | Zot:2    | Killed a Killer Klown
 66267 | Zot:2    | Noticed a Killer Klown
 66268 | Zot:2    | Reached skill level 10 in Hexes
 66371 | Zot:2    | Found a transporter.
 66371 | Zot:2    | Found a transporter.
 66377 | Zot:2    | Found the macabre finger necklace {Finger+ rN+}
 66388 | Zot:2    | Noticed an orb of fire
 66898 | Zot:2    | Killed a Killer Klown
 66906 | Zot:2    | Identified the +2 arbalest of Traps {penet, rF+}
 66906 | Zot:2    | Noticed a Killer Klown
 66916 | Zot:2    | Killed a Killer Klown
 66928 | Zot:2    | Killed a Killer Klown
 67831 | Zot:3    | Gained mutation: You are clumsy. (Dex -2) [mutagenic glow]
 67863 | Zot:3    | Identified the +1 ring mail of Instinct {Harm rC- Int+3
                  | SInv}
 68404 | Zot:4    | Reached XP level 24. HP: 216/216 MP: 33/44
 68419 | Zot:4    | Learned a level 8 spell: Discord
 68614 | Zot:4    | Identified the ring "Zucen" {Ice rN+ Will+ Int-2}
 69290 | Zot:4    | Noticed an orb of fire
 69302 | Zot:4    | Killed an orb of fire
 69751 | Zot:4    | Noticed an orb of fire
 69755 | Zot:4    | Noticed a dread lich
 69799 | Zot:4    | Killed a dread lich
 70083 | Zot:4    | Killed an orb of fire
 70084 | Zot:4    | Reached skill level 21 in Dodging
 70242 | Zot:5    | Entered Level 5 of the Realm of Zot
 70596 | Zot:5    | Identified the +3 scale mail of Relativism {rCorr}
 70828 | Zot:5    | Noticed an ancient lich
 70829 | Zot:5    | Noticed a dread lich
 70834 | Zot:5    | Noticed a dread lich
 70840 | Zot:5    | Noticed an orb of fire
 70852 | Zot:4    | Killed an ancient lich
 71156 | Zot:5    | Reached skill level 15 in Hexes
 71163 | Zot:4    | Paralysed by a dread lich for 3 turns
 71166 | Zot:4    | Killed a dread lich
 71170 | Zot:4    | Killed a dread lich
 71319 | Zot:5    | Noticed a Killer Klown
 71341 | Zot:4    | Killed an orb of fire
 71488 | Zot:5    | Noticed a Killer Klown
 71493 | Zot:5    | Killed a Killer Klown
 71657 | Zot:4    | Killed a Killer Klown
 71900 | Zot:5    | Noticed a Killer Klown
 71906 | Zot:5    | Noticed an orb of fire
 71910 | Zot:5    | Noticed a Killer Klown
 71910 | Zot:5    | Killed a Killer Klown
 72068 | Zot:4    | Killed a Killer Klown
 72075 | Zot:4    | Killed an orb of fire
 72360 | Zot:5    | Noticed a Killer Klown
 72369 | Zot:5    | Killed a Killer Klown
 72401 | Zot:5    | Noticed a dread lich
 72408 | Zot:5    | Killed a dread lich
 72552 | Zot:5    | Noticed a dread lich
 72558 | Zot:5    | Killed a dread lich
 72658 | Zot:5    | Noticed a Killer Klown
 72668 | Zot:5    | Noticed a Killer Klown
 72669 | Zot:5    | Killed a Killer Klown
 72688 | Zot:5    | Killed a Killer Klown
 72737 | Zot:5    | Noticed a Killer Klown
 72745 | Zot:5    | Killed a Killer Klown
 72785 | Zot:5    | Reached XP level 25. HP: 130/224 MP: 22/47
 72794 | Zot:5    | Noticed an orb of fire
 73131 | Zot:5    | Gained mutation: You sometimes lose your temper in combat.
                  | [an orb of fire]
 73134 | Zot:5    | Gained mutation: You frequently scream uncontrollably at
                  | your foes. [an orb of fire]
 73138 | Zot:5    | Gained mutation: You have an uncontrollable temper. [an orb
                  | of fire]
 73143 | Zot:5    | Killed an orb of fire
 73413 | Zot:5    | Lost mutation: You have an uncontrollable temper. [potion
                  | of mutation]
 73413 | Zot:5    | Lost mutation: You sometimes lose your temper in combat.
                  | [potion of mutation]
 73492 | Zot:5    | Got the Orb of Zot
 74355 | D:$      | Escaped with the Orb!

Illustrated notes

Levels and vault maps discovered:
D:1:      onia_arrival_pentagram, layout_basic
D:2:      layout_basic, minmay_heptomino_w4
D:3:      layout_basic, old_standard_altar,
          hellmonk_ecumenical_altar_watching_god
D:4:      layout_gridville, nicolae_sif_muna_little_library,
          minmay_temple_entry_glassed_door, serial_shops,
          nicolae_take_the_stairs, chequers_hall_statues_wall_a,
          kennysheep_generic_room_13
D:5:      layout_loops_ring, marbit_many_paths, yredelemnul_altar_generic,
          serial_shops, nicolae_shop_hallway_stairs,
          nicolae_shop_competitors_out_of_business, ebering_ghost_disaster_area
D:6:      layout_loops_ring, mainiacjoe_overflow_tiny_flanked,
          lemuel_coloured_pillars_altar, nicolae_ashenzari_panopticon
D:7:      layout_basic, mainiacjoe_overflow_catwalk, serial_shops,
          shop_fountains
D:8:      layout_loops_ring, mainiacjoe_overflow_catch_the_wave,
          minmay_increasing_density
D:9:      layout_small_grid, mainiacjoe_overflow_two_lobes,
          kennysheep_mini_moat, mainiacjoe_overflow_swirl, uniq_pikel
D:10:     kennysheep_ambush_hall, layout_loops_cross, dpeg_lair_monsters,
          minmay_fractal_squares_gapless_5
D:11:     layout_loops_ring
D:12:     minmay_expanding_squares, layout_cave_pools, portal_ice_cave_rime,
          serial_ice, serial_ice_o, serial_ice_i, serial_ice_a, serial_ice_m,
          serial_ice_b, serial_ice_c
D:13:     layout_roguey, zin_purify
D:14:     layout_loops_cross, grunt_vaults_entry_fortified, okawaru_trees_2
D:15:     gammafunk_depths_entry_grave, layout_cave_pools, serial_park_gazebo
          [serial_park_minivault_5x5_1], serial_shops, shop,
          gauntlet_entry_generic, enter_trove_6
Lair:1:   lemuel_reptile_caves, layout_misc_corridors,
          chequers_serial_rivers_micro_b, infiniplex_staircase_pool
Lair:2:   layout_small_grid, nicolae_swamp_entry_spooky,
          gammafunk_ghost_wrathful_warriors
Lair:3:   layout_loops_ring, dummy_snake_entry, ebering_ghost_inner_flame,
          grunt_megastairs_2, serial_bayou_shore_b, serial_bayou_shore_b
Lair:4:   layout_long_grid, minmay_slime_entry_pillars
Lair:5:   minmay_lair_end_enchanted_forest, layout_big_grid,
          gammafunk_ghost_berserking_beasts
Swamp:1:  layout_falls_marsh, serial_swamp_ruin, evilmike_swamp_ruin_house_5,
          evilmike_swamp_ruin_house_2, hangedman_swamp_ruin_wall, swamp_pool1,
          infiniplex_staircase_pool_2
Swamp:2:  layout_basic_swamp, evilmike_swamp_ruin_rubble_1, swamp_pool1
Swamp:3:  nicolae_swamp_wrong_neighborhood, layout_basic_swamp,
          evilmike_swamp_ruin_house_4, hangedman_swamp_ravenous, uniq_mara
Swamp:4:  swamp_fiery, layout_basic_swamp, swamp_pool1
Snake:1:  layout_cave_shapes, serial_shops,
          nicolae_shop_temple_entry_statues_fountains, minmay_snake_pond,
          grunt_megastairs_4, minmay_shop_star, uniq_agnes, uniq_jorgrun,
          uniq_josephine
Snake:2:  layout_concentric_octagons, serial_shops, nicolae_shop_crystal,
          nicolae_snake_mages_go_home
Snake:3:  layout_misc_corridors, uniq_vashnia
Snake:4:  grunt_snake_rune_spirals, layout_onion, serial_shops, shop_statue,
          uniq_nikola
Orc:1:    layout_caves, serial_shops, nicolae_shop_competitors_out_of_business,
          shop, nicolae_square_shop, shop_statue, mines2_lemuel
Orc:2:    hellmonk_orc_salted, layout_diamond_mine, serial_shops, shop,
          statue_in_the_mist_lemuel
Elf:1:    layout_geoelf_diagonals, minmay_elf_annihilation,
          nicolae_concentric_dashed_squares_mild
Elf:2:    nicolae_elf_blades_crystal_corner, layout_rooms,
          small_chamber_with_monster, uniq_louise
Elf:3:    minmay_elf_hall_four_x, layout_onion_city, nrook_mini_backslash,
          lemuel_flamethrower_2
Vaults:1: vaults_dpeg_encased_lava, st_octagons_1, ontoclasm_vaults_fault,
          v_alt_pattern_6, vaults_room_semicircle,
          hangedman_vaults_stretched_pinwheel, nicolae_vaults_little_ls,
          v_alt_pattern_4, v_misc_11, nicolae_vaults_shelves_hall, v_misc_23,
          layout_vaults_omnicross
Vaults:2: v_misc_5, v_misc_28, v_misc_27, minmay_crypt_entry_simple_box,
          vaults_room_grid, vaults_dpeg_emergency_exit,
          hangedman_vaults_capsules, vaults_standard_mumra_enter_the_diamond,
          layout_vaults_omnigrid
Vaults:3: portal_desolation_entry_twin_temple, st_octagons_2,
          hangedman_vaults_nodes, v_pattern_4, nicolae_vaults_angled_halls,
          nicolae_vaults_specimen_jars, ontoclasm_vaults_chip, v_misc_33,
          v_misc_25, ontoclasm_vaults_decontamination, vaults_room_door_ring,
          vaults_mumra_hex, vaults_room_pool, layout_vaults_big_room,
          uniq_donald, uniq_asterion
Vaults:4: vaults_mumra_hexcomb, vaults_room_door_ring, grunt_vaults_diagonal,
          v_rooms_3, grunt_vaults_twisty, nicolae_vaults_statue_guard,
          ontoclasm_vaults_hangar, vaults_dpeg_cross,
          nicolae_vaults_network_star, nicolae_vaults_little_squares_5,
          layout_vaults_ring
Vaults:5
Depths:1: layout_cave_pools, enter_ziggurat_a, hell_entry, hallowed_hall
Depths:2: nicolae_cairo_tiling_large_dashed, layout_long_grid, lightli_too_deep,
          abyss_entry, grunt_decor_cap, pan_entry, kennysheep_generic_room_2
Depths:3: nicolae_whirlpool, layout_gridlike, hangedman_abyss_entry_splay,
          hangedman_geh_valley, eat_drink_and_be_merry_uskayaw,
          infiniplex_staircase_pillars_3a
Depths:4: grunt_zot_entry_tricorne, layout_basic, abyss_entry_flame_altar,
          chequers_serial_rivers_micro_e, hell_entry, serial_shops,
          nicolae_shop_crystal, minmay_evil_grid
Zot:1:    layout_basic, grunt_megastairs_5
Zot:2:    gammafunk_the_bubble [the_bubble_gammafunk_split],
          layout_onion_interference, st_single_dragon_hoard_3,
          hangedman_xom_zot_hilarity
Zot:3:    layout_misc_corridors, st_large_dragon_hoard_1
Zot:4:    grunt_deathspiral_small, layout_concentric_octagons
Zot:5:    layout_misc_corridors

Skill      XL: |  1  2  3  4  5  6  7  8  9 10 11 12 13 14 15 16 17 18 19 20 21 22 23 24 25 |
---------------+----------------------------------------------------------------------------+-----
Stealth        | 2 3 5 10 | 10.0
Poison Magic   | 3 4 5 6 7 |  7.0
Spellcasting   | 2 3 5 9 12 13 14 | 14.4
Armour         | 1 2 |  2.0
Dodging        | 2 4 10 13 15 18 20 21 | 21.0
Short Blades   | 1 2 4 |  4.0
Fighting       | 2 4 5 7 9 10 12 15 16 17 18 | 18.0
Transmutations | 1 2 6 8 9 |  9.0
Air Magic      | 1 2 7 9 |  9.0
Conjurations   | 1 2 7 9 10 | 10.1
Earth Magic    | 1 5 8 9 10 12 | 12.0
Long Blades    | 5 9 12 14 15 | 15.7
Translocations | 1 7 10 12 | 12.0
Evocations     | 6 9 12 | 12.0
Hexes          | 13 17 | 17.9

Action                     |  1- 3 |  4- 6 |  7- 9 | 10-12 | 13-15 | 16-18 | 19-21 | 22-24 | 25-27 || total
---------------------------+-------+-------+-------+-------+-------+-------+-------+-------+-------++-------
  Melee: Dagger            |    23 |       |       |       |       |       |       |       |       ||    23
         Short sword       |    16 |    98 |   148 |     7 |       |       |       |       |       ||   269
         Trident           |       |     9 |       |       |       |       |       |       |       ||     9
         Punch             |       |     1 |     2 |     5 |     1 |     7 |     2 |       |       ||    18
         Scimitar          |       |       |    72 |       |    24 |   823 |   251 |       |       ||  1170
         Long sword        |       |       |     1 |   207 |   178 |       |       |       |       ||   386
         Triple sword      |       |       |       |       |       |       |   985 |  1456 |   131 ||  2572
         Unarmed           |       |       |       |       |       |       |       |     1 |       ||     1
   Fire: Sling             |    36 |       |    26 |       |       |       |       |       |       ||    62
  Throw: Dart              |       |       |       |       |       |     1 |       |       |       ||     1
   Cast: Sting             |    49 |    22 |    15 |     3 |       |       |       |       |       ||    89
         Poisonous Vapours |    14 |    63 |    64 |    32 |   112 |    86 |   122 |    65 |     7 ||   565
         Mephitic Cloud    |       |    10 |     6 |    14 |       |       |       |       |       ||    30
         Olgreb's Toxic Ra |       |       |    29 |    93 |   108 |       |       |       |       ||   230
         Ignite Poison     |       |       |       |    35 |   131 |    59 |    72 |    34 |     4 ||   335
         Statue Form       |       |       |       |    19 |    58 |    67 |    58 |    85 |     5 ||   292
         Iron Shot         |       |       |       |     3 |   169 |   210 |    51 |    66 |    12 ||   511
         Arcjolt           |       |       |       |       |    69 |    70 |    21 |    16 |       ||   176
         Irradiate         |       |       |       |       |     9 |    50 |    33 |    49 |     1 ||   142
         Manifold Assault  |       |       |       |       |       |   321 |   465 |   534 |    55 ||  1375
         Lesser Beckoning  |       |       |       |       |       |       |     3 |     5 |       ||     8
Ability: End Transformatio |       |       |       |       |       |       |       |     1 |       ||     1
  Evoke: Wand              |       |       |     3 |     3 |       |     9 |       |    10 |     2 ||    27
         Tin of tremorston |       |       |       |     3 |     2 |     6 |       |     5 |     1 ||    17
         Box of beasts     |       |       |       |       |     1 |     1 |       |       |       ||     2
         Condenser vane    |       |       |       |       |       |     5 |     1 |     3 |     1 ||    10
         Phial of floods   |       |       |       |       |       |     2 |       |       |       ||     2
         Phantom mirror    |       |       |       |       |       |       |       |     2 |       ||     2
    Use: Potion            |     1 |     1 |       |     3 |     8 |     8 |     4 |     1 |     4 ||    30
         Scroll            |       |     8 |     4 |     9 |    20 |    12 |     6 |    10 |     4 ||    73
   Stab: Sleeping          |     2 |     1 |     2 |       |       |     1 |     3 |     2 |       ||    11
         Confused          |       |     5 |     3 |     6 |       |       |       |       |       ||    14
         Distracted        |       |       |       |       |       |     1 |     1 |     1 |     1 ||     4
 Armour: Robe              |     9 |       |       |       |     2 |    23 |     7 |    19 |       ||    60
         Leather armour    |     1 |    35 |    82 |    42 |    53 |       |       |       |       ||   213
         Skin              |       |       |       |   219 |   465 |   514 |   359 |   405 |    27 ||  1989
  Dodge: Dodged            |    59 |    67 |   142 |   291 |   492 |   462 |   893 |  1555 |   155 ||  4116
         Repelled          |       |       |     1 |     2 |       |       |       |       |       ||     3

Table legend: (Time is in decaauts)
 A = Elapsed time spent in this place.
 B = Non-inter-level travel time spent in this place.
 C = Inter-level travel time spent in this place.
 D = Time resting spent in this place.
 E = Time spent auto-exploring this place.
 F = Levels seen in this place.
 G = Mean time per level.
                   A        B        C        D        E       F      G
               +--------+--------+--------+--------+--------+-----+--------+
         Total |  81736 |  75930 |   5806 |  25322 |  30422 |  51 | 1602.7 |
       Dungeon |  22084 |  19371 |   2713 |   5248 |   9068 |  15 | 1472.3 |
          Lair |   8160 |   7034 |   1126 |   1789 |   3470 |   5 | 1632.0 |
         Swamp |   4809 |   4625 |    184 |   1946 |   1372 |   4 | 1202.2 |
     Snake Pit |   8667 |   8453 |    214 |   3977 |   2608 |   4 | 2166.8 |
  Orcish Mines |   3435 |   3132 |    303 |   1384 |    889 |   2 | 1717.5 |
   Elven Halls |   5659 |   5470 |    189 |   1811 |   2469 |   3 | 1886.3 |
        Vaults |   9546 |   9028 |    518 |   1764 |   4868 |   5 | 1909.2 |
        Depths |   5027 |   4809 |    218 |   1248 |   2177 |   4 | 1256.8 |
           Zot |  11060 |  10722 |    338 |   4996 |   2804 |   5 | 2212.0 |
         Trove |     42 |     42 |      0 |      0 |      0 |   1 |   42.0 |
      Ice Cave |    911 |    911 |      0 |    467 |     48 |   1 |  911.0 |
    Desolation |   1601 |   1601 |      0 |    380 |    483 |   1 | 1601.0 |
      Gauntlet |    728 |    728 |      0 |    309 |    164 |   1 |  728.0 |
               +--------+--------+--------+--------+--------+-----+--------+

Top non-repeatable levels by time:
   Zot:4: 3671 daAuts
 Snake:4: 3613 daAuts
   Elf:3: 3142 daAuts
Vaults:5: 3014 daAuts
   Zot:5: 2307 daAuts
    D:10: 2194 daAuts
  Lair:2: 2148 daAuts
   Zot:1: 2130 daAuts
   Orc:2: 2083 daAuts
Vaults:1: 2037 daAuts
    D:14: 1991 daAuts
    D:15: 1867 daAuts
 Snake:1: 1834 daAuts
Vaults:3: 1828 daAuts
Depths:4: 1817 daAuts
